[Event "44th Chess Olympiad Open 2022"]
[Site "Chennai"]
[Date "2022.08.05"]
[Round "7.37"]
[White "Smith, Shreyas"]
[Black "Ibarra Chami, Luis Fernando"]
[Result "1-0"]
[ECO "B22"]
[WhiteElo "2147"]
[BlackElo "2452"]
[Annotator "TA"]
[PlyCount "73"]
[EventDate "2022.07.29"]
[EventType "team-tourn"]
[EventCountry "IND"]
[SourceTitle "playchess.com"]
[Source "ChessBase"]
[SourceQuality "1"]
[WhiteTeam "Jamaica"]
[BlackTeam "Mexico"]
[WhiteTeamCountry "JAM"]
[BlackTeamCountry "MEX"]
[TimeControl "40/5400+30:1800+30"]

1. e4 c5 2. c3 Nf6 3. e5 Nd5 4. d4 cxd4 5. Nf3 e6 6. cxd4 b6 7. Bc4 Bb7 8. O-O Be7 9. Bxd5 Bxd5 10. Nc3 {[%emt 0:18:52] B22: Sicilian: 2 c3.} Bb7 11. d5 $1 exd5 12. Nd4 {[%emt 0:00:00] [#] White is better.} (12. Nxd5 Na6 $14) 12... g6 $146 {[%emt 0:24:18] [#]} (12... Na6 $16) ({Predecessor:} 12... O-O 13. Nf5 d6 14. Nxd5 Bg5 15. Qg4 h6 16. Nde7+ {1-0 (16) Zhigalko,S (2572)-Le,T (2514) Chess.com INT 2022}) 13. Bh6 $1 $18 Bg5 14. Bxg5 Qxg5 15. f4 Qh4 (15... Qh5 {was called for.} 16. Ndb5 Qxd1 17. Rfxd1 d4 18. Nd6+ (18. Rxd4 O-O $18) (18. Nxd4 Na6 $16) 18... Kf8) 16. Ndb5 {[%emt 0:05:39] aiming for Nd6+.} O-O 17. a3 ({Weaker is} 17. Nxd5 Bxd5 18. Qxd5 Na6 $16) (17. Nd6 $142 Bc6 18. b4 (18. Nxd5 Bxd5 19. Qxd5 Nc6 $18)) 17... d4 18. Qxd4 {[%emt 0:00:29] And now Nd6 would win.} ({But not} 18. Nxd4 $6 Na6 $16) 18... Qg4 $2 (18... Nc6 {might work better.} 19. Qxd7 Qe7) 19. Rf2 {[%emt 0:03:56] Active counter play!} Nc6 20. Qd1 Qxd1+ 21. Rxd1 Rad8 22. Nd5 Kg7 23. Nd6 Ba8 24. b4 {[%emt 0:00:27] Against Na5} Nb8 25. Nf6 {[%emt 0:02:08] Pair of Knights!} a6 26. Nc4 b5 27. Nb6 Bc6 28. Rd6 h6 $2 (28... h5 {is a better defense.} 29. h3 Rh8) 29. g4 Rh8 30. h4 Bb7 31. Rfd2 {[%emt 0:03:09] Hoping for h5.} g5 $2 (31... h5 32. gxh5 (32. Nbxd7 hxg4 33. Nc5 Rxd6 $16) 32... Bf3) 32. Nh5+ {[%emt 0:02:42] White is clearly winning.} Kh7 33. hxg5 hxg5 34. fxg5 {[%emt 0:02:08] Strongly threatening Rf2.} Bc6 35. Rf2 Rdf8 36. Rdf6 {[%emt 0:02:00][%cal Ob6c8] White threatens Nc8! and mate.} Be4 {[%emt 0:00:12] [#]} 37. Rh6+ {[%emt 0:00:17] White took control after the opening.  Weighted Error Value: White=0.24 (precise) /Black=0.50} (37. Nxd7 $142 $1 Nxd7 38. Rxf7+ Rxf7 39. Rxf7+ Kg8 40. Rxd7) 1-0

[Event "44th Chess Olympiad Open 2022"]
[Site "Chennai"]
[Date "2022.08.05"]
[Round "7.37"]
[White "Shaw, Jaden"]
[Black "Montes Orozco, Miguel Angel"]
[Result "0-1"]
[ECO "C68"]
[WhiteElo "1930"]
[BlackElo "2070"]
[Annotator "TA"]
[PlyCount "120"]
[EventDate "2022.07.29"]
[EventType "team-tourn"]
[EventCountry "IND"]
[SourceTitle "playchess.com"]
[Source "ChessBase"]
[SourceQuality "1"]
[WhiteTeam "Jamaica"]
[BlackTeam "Mexico"]
[WhiteTeamCountry "JAM"]
[BlackTeamCountry "MEX"]
[TimeControl "40/5400+30:1800+30"]

1. e4 e5 2. Nf3 Nc6 3. Bb5 a6 4. Bxc6 dxc6 5. O-O Ne7 6. Nxe5 Qd4 7. Qh5 g6 8. Qg5 Bg7 9. Nf3 Qxe4 {[%emt 0:00:08] C68: Ruy Lopez: Exchange Variation, sidelines.} 10. Re1 Qb4 11. d4 Be6 {[%emt 0:08:08] The position is equal.} 12. c3 Qb5 13. Na3 Qd5 14. Bf4 h6 15. Qxd5 Nxd5 16. Be5 O-O 17. c4 Nb6 {[%emt 0:00:00] [#]} 18. b3 $146 ({Predecessor:} 18. Bxc7 Nxc4 19. Rxe6 Nxa3 20. Re7 Nc2 21. Rd1 Rfe8 22. Rd7 Re2 23. Kf1 Re4 24. Bb6 {1-0 (49) Petrik,T (2523)-Markos,J (2526) Banska Stiavnica 2006}) 18... Rfc8 19. Nb1 a5 20. Nc3 Bf8 21. Ne4 {[%emt 0:02:49] Strongly threatening Nf6+.} Nd7 22. Nf6+ Nxf6 23. Bxf6 a4 24. Ne5 axb3 25. axb3 Bb4 26. Red1 Bf5 27. g4 Be4 28. Kf1 Bc2 {[%emt 0:03:47] This bishop pair is nice.} 29. Rdc1 Bxb3 30. Rcb1 Rxa1 31. Rxa1 {[%emt 0:00:01] Rb1 is the strong threat.} Bd6 32. c5 Bxe5 33. Bxe5 $15 {[%emt 0:00:43][%mdl 4096] Endgame KRB-KRB} Bc4+ 34. Kg2 Bd5+ 35. Kg3 g5 36. f4 b5 {[%emt 0:01:44][%cal Bb7b5,Bb5b4,Bb4b3][%mdl 32] Hoping for ...b4.} 37. fxg5 ({Better is} 37. cxb6 $1 $15 cxb6 38. fxg5) 37... hxg5 $17 38. h4 $2 {[%emt 0:00:01] White does not recover from this.} (38. Bf6 $17 {keeps fighting.}) 38... gxh4+ $19 39. Kxh4 b4 40. Rb1 {[%emt 0:00:23] [#]} b3 41. Rb2 Ra8 {[%emt 0:31:37] aiming for ...Ra2.} 42. Bf4 Ra2 43. Bc1 Ra1 44. Bd2 Be6 45. d5 Bxd5 46. Kg5 Be6 47. Kf6 Kf8 48. g5 Ke8 49. Ke5 Rf1 50. Ke4 $2 (50. Kd4) 50... Bf5+ 51. Ke5 Bc2 52. Kd4 Kd7 {[%emt 0:00:07] Threatens to win with ...Rf5.} 53. Kc4 Ke6 54. Be3 Ke5 (54... Kf5 $142 55. Bd2 Rd1) 55. Bd4+ Ke4 {[%emt 0:00:06] ( -> ...Rf5)} 56. Bf6 {[%emt 0:00:00] [#]} Rxf6 $1 {[%emt 0:00:24] Black mates.} 57. gxf6 Ke5 58. Kc3 Kxf6 59. Kd4 Ke6 60. Ke3 Kd5 {[%emt 0:00:05] Weighted Error Value: White=0.61/Black=0.20 (precise)} 0-1

[Event "44th Chess Olympiad Open 2022"]
[Site "Chennai"]
[Date "2022.08.05"]
[Round "7.38"]
[White "Cawdery, Daniel"]
[Black "Masango, Spencer"]
[Result "1/2-1/2"]
[ECO "C86"]
[WhiteElo "2417"]
[BlackElo "2170"]
[Annotator "ChessBase"]
[PlyCount "66"]
[EventDate "2022.07.29"]
[EventType "team-tourn"]
[EventCountry "IND"]
[SourceTitle "playchess.com"]
[Source "ChessBase"]
[SourceQuality "1"]
[WhiteTeam "South Africa"]
[BlackTeam "Zimbabwe"]
[WhiteTeamCountry "RSA"]
[BlackTeamCountry "ZIM"]
[TimeControl "40/5400+30:1800+30"]

1. e4 e5 2. Nf3 Nc6 3. Bb5 a6 4. Ba4 Nf6 5. Qe2 Be7 6. O-O b5 7. Bb3 O-O 8. c3 Re8 9. a4 b4 10. d4 Na5 11. Bxf7+ Kxf7 12. Ng5+ Kg8 13. dxe5 h6 14. exf6 Bxf6 15. cxb4 Nb7 16. Nf3 d5 17. e5 Bg4 18. Bf4 Bxf3 19. Qxf3 Bxe5 20. Bxe5 Rxe5 21. Nc3 Qd6 22. Rad1 Rf8 23. Qd3 Qxb4 24. Nxd5 Qxa4 25. f4 Ree8 26. f5 Nc5 27. Qc3 Ne4 28. Qxc7 Rf7 29. Qf4 Qb3 30. Rfe1 Qc4 31. Ne3 Qc5 32. Rd5 Qb4 33. Re2 Qb6 1/2-1/2

[Event "44th Chess Olympiad Open 2022"]
[Site "Chennai"]
[Date "2022.08.05"]
[Round "7.38"]
[White "Makoto, Rodwell"]
[Black "Solomon, Kenny"]
[Result "1/2-1/2"]
[ECO "D79"]
[WhiteElo "2346"]
[BlackElo "2355"]
[Annotator "TA"]
[PlyCount "22"]
[EventDate "2022.07.29"]
[EventType "team-tourn"]
[EventCountry "IND"]
[SourceTitle "playchess.com"]
[Source "ChessBase"]
[SourceQuality "1"]
[WhiteTeam "Zimbabwe"]
[BlackTeam "South Africa"]
[WhiteTeamCountry "ZIM"]
[BlackTeamCountry "RSA"]
[TimeControl "40/5400+30:1800+30"]

1. Nf3 d5 2. g3 g6 3. Bg2 Bg7 4. d4 Nf6 5. O-O O-O 6. c4 c6 7. cxd5 cxd5 8. Ne5 {[%emt 0:02:35] [#]} Nfd7 $146 ({Predecessor:} 8... Ne4 9. Nd2 Nc6 10. Nxe4 dxe4 11. Nxc6 bxc6 12. Bxe4 Bh3 13. Re1 {½-½ (13) Matlakov,M (2674)-Giri,A (2773) Chess.com INT 2022}) 9. Nf3 Nf6 10. Ne5 Nfd7 {[%emt 0:01:21] 10...Ng4 is the modern continuation.} 11. Nf3 Nf6 1/2-1/2

[Event "44th Chess Olympiad Open 2022"]
[Site "Chennai"]
[Date "2022.08.05"]
[Round "7.38"]
[White "Mhango, Banele"]
[Black "Zhemba, Jemusse"]
[Result "0-1"]
[ECO "E01"]
[WhiteElo "2238"]
[BlackElo "2162"]
[Annotator "NA RC"]
[PlyCount "120"]
[EventDate "2022.07.29"]
[EventType "team-tourn"]
[EventCountry "IND"]
[SourceTitle "playchess.com"]
[Source "ChessBase"]
[SourceQuality "1"]
[WhiteTeam "South Africa"]
[BlackTeam "Zimbabwe"]
[WhiteTeamCountry "RSA"]
[BlackTeamCountry "ZIM"]
[TimeControl "40/5400+30:1800+30"]

1. d4 Nf6 2. c4 e6 3. g3 d5 4. Nf3 Nc6 5. Bg2 Bd6 6. O-O h6 7. Nc3 O-O 8. c5 Be7 9. Bf4 Bd7 10. Rb1 Be8 11. b4 Ne4 12. Qd3 a5 13. bxa5 Nxc3 14. Qxc3 Nxa5 15. Rfc1 Ra7 16. Nd2 Nc6 17. Rb2 g5 18. Be3 e5 19. Nf3 Ra4 20. Qb3 Nxd4 21. Bxd4 exd4 22. Qxb7 Bf6 23. Rb4 Bc6 24. Qxc6 Rxb4 25. Ne1 Rc4 26. Nd3 Rxc1+ 27. Nxc1 Kg7 28. Bxd5 Qb8 29. Nb3 Qe8 30. Kf1 Qxc6 31. Bxc6 Rb8 32. Ke1 Rb4 33. Kd2 Be5 34. Kd3 f5 35. h3 Kf8 36. g4 fxg4 37. hxg4 Ke7 38. f3 Kd8 39. Ke4 Bg7 40. Kd5 d3 41. exd3 Rf4 42. d4 Rxf3 43. Kc4 Rg3 44. a4 Rxg4 45. a5 Kc8 46. a6 Kb8 47. Bb7 c6 48. Bxc6 Rf4 49. Bb7 g4 50. Kb5 Bxd4 51. Na5 Bc3 52. Nc4 Rf1 53. Be4 Re1 54. Nd6 g3 55. Bd5 Rb1+ 56. Kc6 Ra1 57. Kb6 Ba5+ 58. Kb5 Bc7 59. Nc4 h5 60. Nb6 h4 0-1

[Event "44th Chess Olympiad Open 2022"]
[Site "Chennai"]
[Date "2022.08.05"]
[Round "7.38"]
[White "Mushore, Emarald Takudzwa"]
[Black "Barrish, Daniel"]
[Result "0-1"]
[ECO "B90"]
[WhiteElo "2153"]
[BlackElo "2283"]
[Annotator "ChessBase"]
[PlyCount "96"]
[EventDate "2022.07.29"]
[EventType "team-tourn"]
[EventCountry "IND"]
[SourceTitle "playchess.com"]
[Source "ChessBase"]
[SourceQuality "1"]
[WhiteTeam "Zimbabwe"]
[BlackTeam "South Africa"]
[WhiteTeamCountry "ZIM"]
[BlackTeamCountry "RSA"]
[TimeControl "40/5400+30:1800+30"]

1. e4 c5 2. Nf3 d6 3. d4 cxd4 4. Nxd4 Nf6 5. Nc3 a6 6. Be3 e5 7. Nb3 Be7 8. f3 Be6 9. Qd2 h5 10. O-O-O Nbd7 11. Kb1 Rc8 12. Nd5 Nxd5 13. exd5 Bf5 14. Bd3 Bxd3 15. Qxd3 Bg5 16. Rhf1 Bxe3 17. Qxe3 O-O 18. f4 Re8 19. Qf3 Nf6 20. h3 Rc4 21. fxe5 Rxe5 22. Nd4 Rxd5 23. Nf5 Rxd1+ 24. Rxd1 d5 25. Qg3 g6 26. Qg5 Re4 27. g4 Re8 28. a3 Nxg4 29. Qxd8 Rxd8 30. hxg4 gxf5 31. gxh5 Kg7 32. c4 d4 33. Kc2 Kh6 34. Rf1 Kg5 35. Kd3 f4 36. Rg1+ Kxh5 37. Ke4 d3 38. Kxf4 d2 39. Rd1 Kg6 40. Ke3 Kf5 41. b4 Ke5 42. a4 f5 43. a5 f4+ 44. Ke2 Ke4 45. Rxd2 Rxd2+ 46. Kxd2 Kd4 47. b5 Kxc4 48. bxa6 bxa6 0-1

[Event "44th Chess Olympiad Open 2022"]
[Site "Chennai"]
[Date "2022.08.05"]
[Round "7.39"]
[White "Zambrana, Osvaldo"]
[Black "Brahami, Lamine"]
[Result "1-0"]
[ECO "B98"]
[WhiteElo "2417"]
[BlackElo "2189"]
[Annotator "ChessBase"]
[PlyCount "61"]
[EventDate "2022.07.29"]
[EventType "team-tourn"]
[EventCountry "IND"]
[SourceTitle "playchess.com"]
[Source "ChessBase"]
[SourceQuality "1"]
[WhiteTeam "Bolivia"]
[BlackTeam "Algeria"]
[WhiteTeamCountry "BOL"]
[BlackTeamCountry "ALG"]
[TimeControl "40/5400+30:1800+30"]

1. e4 c5 2. Nf3 d6 3. d4 cxd4 4. Nxd4 Nf6 5. Nc3 a6 6. Bg5 e6 7. f4 Be7 8. Qe2 Qb6 9. O-O-O Nc6 10. Nf3 Qc7 11. e5 dxe5 12. fxe5 Nd7 13. Bxe7 Nxe7 14. Qd2 Ng6 15. Bb5 axb5 16. Nxb5 Qc5 17. Nd6+ Kf8 18. a3 f6 19. Rhf1 Ndxe5 20. Ne4 Nxf3 21. Qd8+ Kf7 22. Nd6+ Qxd6 23. Qxd6 Ng5 24. Qc7+ Ne7 25. h4 h6 26. hxg5 hxg5 27. Rd8 Rh4 28. Qc5 Rg4 29. Rh1 b6 30. Qb5 Kg6 31. Qe8+ 1-0

[Event "44th Chess Olympiad Open 2022"]
[Site "Chennai"]
[Date "2022.08.05"]
[Round "7.39"]
[White "Nassr, Ali"]
[Black "Gemy, Jose Daniel"]
[Result "1/2-1/2"]
[ECO "A48"]
[WhiteElo "2263"]
[BlackElo "2373"]
[Annotator "ChessBase"]
[PlyCount "94"]
[EventDate "2022.07.29"]
[EventType "team-tourn"]
[EventCountry "IND"]
[SourceTitle "playchess.com"]
[Source "ChessBase"]
[SourceQuality "1"]
[WhiteTeam "Algeria"]
[BlackTeam "Bolivia"]
[WhiteTeamCountry "ALG"]
[BlackTeamCountry "BOL"]
[TimeControl "40/5400+30:1800+30"]

1. d4 Nf6 2. Nf3 g6 3. Bf4 Bg7 4. e3 O-O 5. h3 d6 6. c3 Nc6 7. Be2 Nd7 8. O-O e5 9. Bh2 f5 10. a4 e4 11. Nfd2 a5 12. b4 g5 13. b5 Ne7 14. c4 Ng6 15. Nc3 Nf6 16. Qb3 Rf7 17. Rfd1 Re7 18. b6 c6 19. Bxd6 Qxd6 20. c5+ Be6 21. cxd6 Bxb3 22. Nxb3 Ree8 23. Nc5 Rab8 24. Bc4+ Kh8 25. Be6 f4 26. Bf7 Rf8 27. Bxg6 hxg6 28. exf4 gxf4 29. N3xe4 Nxe4 30. Nxe4 Rf5 31. Rac1 Rd5 32. Rc5 Rd8 33. Rxd5 cxd5 34. Ng5 Kg8 35. Ne6 Rxd6 36. Nxg7 Kxg7 37. Rb1 Kf6 38. Rb5 Kf5 39. Rxa5 Ke4 40. Rb5 Kxd4 41. a5 Kc4 42. Rb1 Rd8 43. Kf1 Ra8 44. Rc1+ Kd3 45. Ra1 d4 46. Ke1 Kc2 47. Ra2+ Kb3 1/2-1/2

[Event "44th Chess Olympiad Open 2022"]
[Site "Chennai"]
[Date "2022.08.05"]
[Round "7.39"]
[White "Bolanos, Fernando"]
[Black "Bengherabi, Khalil"]
[Result "1-0"]
[ECO "B72"]
[WhiteElo "2258"]
[BlackElo "2097"]
[Annotator "ChessBase"]
[PlyCount "73"]
[EventDate "2022.07.29"]
[EventType "team-tourn"]
[EventCountry "IND"]
[SourceTitle "playchess.com"]
[Source "ChessBase"]
[SourceQuality "1"]
[WhiteTeam "Bolivia"]
[BlackTeam "Algeria"]
[WhiteTeamCountry "BOL"]
[BlackTeamCountry "ALG"]
[TimeControl "40/5400+30:1800+30"]

1. e4 c5 2. Nf3 d6 3. d4 cxd4 4. Nxd4 Nf6 5. Nc3 g6 6. Be3 a6 7. f3 h5 8. Bc4 b5 9. Bb3 Bb7 10. O-O Nbd7 11. Qe2 Bg7 12. a4 b4 13. Na2 e5 14. Nc6 Bxc6 15. Qc4 Bd5 16. exd5 a5 17. c3 bxc3 18. Nxc3 O-O 19. Qc6 Qb8 20. Nb5 Rd8 21. Rac1 Bf8 22. Qc2 Qb7 23. Qc7 Qxc7 24. Rxc7 Ne8 25. Rc6 Nc5 26. Bxc5 dxc5 27. Re1 Nd6 28. Rxe5 Nxb5 29. axb5 Bg7 30. Re7 a4 31. Ba2 Re8 32. Rxe8+ Rxe8 33. d6 Bxb2 34. d7 Rd8 35. Rc8 Bf6 36. b6 c4 37. b7 1-0

[Event "44th Chess Olympiad Open 2022"]
[Site "Chennai"]
[Date "2022.08.05"]
[Round "7.39"]
[White "Djabri, Massinas"]
[Black "Mendoza, Rodrigo"]
[Result "1-0"]
[ECO "E11"]
[WhiteElo "2206"]
[BlackElo "2215"]
[Annotator "NA"]
[PlyCount "51"]
[EventDate "2022.07.29"]
[EventType "team-tourn"]
[EventCountry "IND"]
[SourceTitle "playchess.com"]
[Source "ChessBase"]
[SourceQuality "1"]
[WhiteTeam "Algeria"]
[BlackTeam "Bolivia"]
[WhiteTeamCountry "ALG"]
[BlackTeamCountry "BOL"]
[TimeControl "40/5400+30:1800+30"]

1. d4 Nf6 2. c4 e6 3. Nf3 Bb4+ 4. Bd2 a5 5. a3 Bxd2+ 6. Qxd2 b6 7. Nc3 Bb7 8. Qf4 d6 9. h4 Qe7 10. e3 Nbd7 11. Be2 O-O 12. O-O Rfe8 13. Nd2 e5 14. Qg3 Nf8 15. d5 Bc8 16. b4 h6 17. h5 e4 18. Nb5 N8h7 19. Nb3 Qd8 20. c5 Re5 21. cxd6 cxd6 22. N3d4 Rxd5 23. Bc4 Nxh5 24. Qh2 Rg5 25. Nxd6 Bh3 26. Nxf7 1-0

[Event "44th Chess Olympiad Open 2022"]
[Site "Chennai"]
[Date "2022.08.05"]
[Round "7.40"]
[White "Palomo, Franklin Annervys"]
[Black "Ahmad, Al Khatib"]
[Result "0-1"]
[ECO "D39"]
[WhiteElo "2324"]
[BlackElo "2244"]
[Annotator "ChessBase"]
[PlyCount "66"]
[EventDate "2022.07.29"]
[EventType "team-tourn"]
[EventCountry "IND"]
[SourceTitle "playchess.com"]
[Source "ChessBase"]
[SourceQuality "1"]
[WhiteTeam "Venezuela"]
[BlackTeam "Jordan"]
[WhiteTeamCountry "VEN"]
[BlackTeamCountry "JOR"]
[TimeControl "40/5400+30:1800+30"]

1. d4 d5 2. Nf3 Nf6 3. c4 e6 4. Nc3 Bb4 5. Bg5 dxc4 6. Bxf6 Qxf6 7. Qa4+ Nc6 8. a3 Bxc3+ 9. bxc3 O-O 10. e3 e5 11. Bxc4 e4 12. Nd2 Qg6 13. g3 Ne7 14. Qa5 Be6 15. O-O Bxc4 16. Nxc4 Qe6 17. Nd2 b6 18. Qg5 f5 19. c4 c5 20. dxc5 bxc5 21. Rab1 Rad8 22. Rb7 Ng6 23. Nb3 Qxc4 24. Rc1 Qe2 25. Nd4 Qa6 26. Rxg7+ Kxg7 27. Nxf5+ Kh8 28. g4 Qe2 29. h4 Rd1+ 30. Rxd1 Qxd1+ 31. Kg2 Qd8 32. Qh6 Rxf5 33. gxf5 Qxh4 0-1

[Event "44th Chess Olympiad Open 2022"]
[Site "Chennai"]
[Date "2022.08.05"]
[Round "7.40"]
[White "Mansour, Sameer"]
[Black "Rohl Montes, Juan Armando"]
[Result "0-1"]
[ECO "A21"]
[WhiteElo "2275"]
[BlackElo "2382"]
[Annotator "TA"]
[PlyCount "102"]
[EventDate "2022.07.29"]
[EventType "team-tourn"]
[EventCountry "IND"]
[SourceTitle "playchess.com"]
[Source "ChessBase"]
[SourceQuality "1"]
[WhiteTeam "Jordan"]
[BlackTeam "Venezuela"]
[WhiteTeamCountry "JOR"]
[BlackTeamCountry "VEN"]
[TimeControl "40/5400+30:1800+30"]

1. c4 e5 2. Nc3 d6 3. Nf3 f5 4. d4 e4 5. Nd2 Nf6 6. e3 c6 7. Be2 {[%emt 0:12:18] is the legacy move (7.d5).} g6 {[%emt 0:05:40] [#] A21: English Opening: 1...e5 2 Nc3.} 8. a4 $146 (8. b4 $11) ({Predecessor:} 8. O-O Bh6 9. b4 O-O 10. b5 c5 11. Nb3 b6 12. a4 Be6 13. f4 Nbd7 14. d5 Bf7 15. Bb2 g5 16. Qe1 g4 {½-½ (16) Martirosyan,H (2344)-Areshchenko,A (2656) Yerevan 2015}) 8... a5 $15 9. b3 Bg7 {[%emt 0:07:40] Black is slightly better.} 10. Ba3 Na6 11. O-O O-O 12. Na2 Re8 13. b4 axb4 14. Nxb4 Nc7 15. Qb3 Kh8 16. d5 c5 17. Na2 Nd7 18. Nc3 Ne5 19. Bb2 Na6 20. Nb5 Qe7 21. f3 exf3 22. Bxf3 ({White should play} 22. Nxf3 $11 Bd7 23. Nxe5 Bxe5 24. Ra3) 22... Bd7 23. Rae1 Nb4 24. Be2 {[%emt 0:03:45] Inhibits Ned3.} Rf8 25. Bc3 Na6 26. Qb2 Kg8 27. Nf3 {[%emt 0:03:11] Black converts the advantage convincingly.} Bxb5 28. cxb5 Nxf3+ 29. Bxf3 {[%emt 0:02:27] [#] A strong pair of Bishops.} Nb4 {[%emt 0:00:32][%cal Ba6b4,Bb4c2,Bc2d4][%mdl 32] White must now prevent ...Nd3.} 30. Bxg7 Qxg7 31. Qxg7+ (31. Qb3 $142) 31... Kxg7 $17 32. e4 {[%emt 0:03:59] [#]} Nc2 $1 (32... Rxa4 33. exf5 gxf5 34. Re7+ Rf7 35. Re6 $15) 33. Rc1 Nd4 {[%emt 0:03:49] Threatens to win with ...fxe4. Black is more active.} ({Don't do} 33... Rxa4 34. Bd1 (34. Rxc2 fxe4 35. Bd1 Rxf1+ 36. Kxf1 Ra1 $14) 34... fxe4 35. Rxf8 (35. Rxc2 Rxf1+ 36. Kxf1 Rb4 $14) 35... Kxf8 36. Bxc2 $14) 34. Rfe1 (34. exf5 $17 Rxf5 35. Rce1) 34... fxe4 35. Rxe4 Rxa4 ({Weaker is} 35... Nxf3+ 36. gxf3 Rxf3 37. Ra1 $17) 36. Re7+ Rf7 37. Rce1 Nxf3+ 38. gxf3 $19 {[%emt 0:00:03][%mdl 4096] Endgame KRR-KRR} Rd4 39. b6 Rb4 ({But not} 39... Rxd5 $2 40. Rc7 $19) 40. R1e6 (40. R7e6 {was worth a try.} Rxb6 41. Kf2) 40... Rxb6 {[%emt 0:00:12] Black is clearly winning.} 41. Rxf7+ (41. Re8 $142) 41... Kxf7 {[%emt 0:30:05] KR-KR} 42. Kf2 Ra6 43. Ke3 b5 44. Kd3 b4 45. Kc4 Rb6 46. Kb3 c4+ 47. Kxc4 b3 {[%emt 0:00:10] ( -> ...b2)} 48. Re1 b2 49. Rb1 Kf6 {[%emt 0:00:00] aiming for ...Ke5.} 50. Kc3 Kf5 {[%emt 0:00:00] ...Kf4 is the strong threat.} 51. Kc2 Ke5 {[%emt 0:00:39] Weighted Error Value: White=0.51/Black=0.13 (very precise)} 0-1

[Event "44th Chess Olympiad Open 2022"]
[Site "Chennai"]
[Date "2022.08.05"]
[Round "7.40"]
[White "Castro Silva, Moises Antonio"]
[Black "Boshra, Alshaeby"]
[Result "1-0"]
[ECO "B33"]
[WhiteElo "2237"]
[BlackElo "1854"]
[Annotator "NA RC"]
[PlyCount "89"]
[EventDate "2022.07.29"]
[EventType "team-tourn"]
[EventCountry "IND"]
[SourceTitle "playchess.com"]
[Source "ChessBase"]
[SourceQuality "1"]
[WhiteTeam "Venezuela"]
[BlackTeam "Jordan"]
[WhiteTeamCountry "VEN"]
[BlackTeamCountry "JOR"]
[TimeControl "40/5400+30:1800+30"]

1. e4 c5 2. Nf3 Nc6 3. d4 cxd4 4. Nxd4 Nf6 5. Nc3 e5 6. Ndb5 d6 7. Bg5 a6 8. Na3 b5 9. Nd5 Be7 10. Bxf6 Bxf6 11. c3 Bg5 12. Nc2 Rb8 13. a4 bxa4 14. Ncb4 Nxb4 15. Nxb4 Bb7 16. Qxa4+ Qd7 17. f3 Qxa4 18. Rxa4 Bc1 19. Ra2 a5 20. Nd3 Bg5 21. Rxa5 f5 22. exf5 O-O 23. Nb4 Rfc8 24. Be2 Bc1 25. Ra2 Be3 26. Ba6 Bxa6 27. Nxa6 Rb3 28. Ke2 Bb6 29. Rd1 Rd8 30. Nb4 Bc5 31. Kd3 Bxb4 32. Kc2 Rxc3+ 33. bxc3 Bc5 34. Rda1 Kf7 35. Ra8 Rd7 36. Rh8 Rc7 37. Kd3 h6 38. Raa8 Kf6 39. Raf8+ Kg5 40. g3 d5 41. h4+ Kh5 42. Rc8 Rxc8 43. Rxc8 Bf2 44. g4+ Kxh4 45. Rg8 1-0

[Event "44th Chess Olympiad Open 2022"]
[Site "Chennai"]
[Date "2022.08.05"]
[Round "7.40"]
[White "Aboudi, Marwan"]
[Black "Castro Torres, Jose Luis"]
[Result "0-1"]
[ECO "E60"]
[WhiteElo "2144"]
[BlackElo "2326"]
[Annotator "ChessBase"]
[PlyCount "64"]
[EventDate "2022.07.29"]
[EventType "team-tourn"]
[EventCountry "IND"]
[SourceTitle "playchess.com"]
[Source "ChessBase"]
[SourceQuality "1"]
[WhiteTeam "Jordan"]
[BlackTeam "Venezuela"]
[WhiteTeamCountry "JOR"]
[BlackTeamCountry "VEN"]
[TimeControl "40/5400+30:1800+30"]

1. d4 Nf6 2. Nf3 g6 3. g3 Bg7 4. Bg2 O-O 5. O-O d6 6. c4 Nc6 7. d5 Na5 8. Na3 c5 9. Re1 a6 10. e4 b5 11. cxb5 axb5 12. Nxb5 Qb6 13. Na3 Ba6 14. Bf1 Bxf1 15. Kxf1 Ng4 16. h3 Bxb2 17. Bxb2 Qxb2 18. hxg4 Qxa3 19. Re3 Qb2 20. Rb1 Qxa2 21. Ra1 Nc4 22. Rxa2 Nxe3+ 23. fxe3 Rxa2 24. Qb3 Rfa8 25. g5 R8a3 26. Qb7 Rxe3 27. Ne5 Rc3 28. Qb1 Rcc2 29. Nc6 Rf2+ 30. Kg1 Rg2+ 31. Kh1 Rh2+ 32. Kg1 Rag2+ 0-1

[Event "44th Chess Olympiad Open 2022"]
[Site "Chennai"]
[Date "2022.08.05"]
[Round "7.41"]
[White "Bwalya, Gillan"]
[Black "Kulpruethanon, Thanadon"]
[Result "1-0"]
[ECO "D36"]
[WhiteElo "2396"]
[BlackElo "2294"]
[Annotator "ChessBase"]
[PlyCount "83"]
[EventDate "2022.07.29"]
[EventType "team-tourn"]
[EventCountry "IND"]
[SourceTitle "playchess.com"]
[Source "ChessBase"]
[SourceQuality "1"]
[WhiteTeam "Zambia"]
[BlackTeam "Thailand"]
[WhiteTeamCountry "ZAM"]
[BlackTeamCountry "THA"]
[TimeControl "40/5400+30:1800+30"]

1. d4 Nf6 2. c4 e6 3. Nc3 d5 4. cxd5 exd5 5. Bg5 c6 6. Qc2 Bd6 7. e3 O-O 8. Bd3 h6 9. Bh4 Re8 10. Nge2 a5 11. h3 Na6 12. a3 Nc7 13. O-O Ne6 14. f3 Be7 15. Rad1 b5 16. Bf2 b4 17. axb4 axb4 18. Na4 Qa5 19. Ra1 Ba6 20. Bxa6 Qxa6 21. b3 Qb5 22. e4 dxe4 23. fxe4 Bf8 24. Ng3 Rad8 25. Rad1 Rd7 26. Be3 Red8 27. Rf5 Qb8 28. Ne2 Qc7 29. Rdf1 Ne8 30. Qb1 Nd6 31. R5f2 Nc8 32. Nb2 Nb6 33. Qc2 Qb7 34. Nd3 f6 35. Ndf4 Nxf4 36. Nxf4 Re8 37. e5 Nd5 38. Nxd5 Rxd5 39. Bxh6 fxe5 40. Qg6 Red8 41. Qe6+ Kh7 42. Rxf8 1-0

[Event "44th Chess Olympiad Open 2022"]
[Site "Chennai"]
[Date "2022.08.05"]
[Round "7.41"]
[White "Phiri, Richmond"]
[Black "Jingjang, Shin"]
[Result "1-0"]
[ECO "D15"]
[WhiteElo "2293"]
[BlackElo "1956"]
[Annotator "NA RC"]
[PlyCount "57"]
[EventDate "2022.07.29"]
[EventType "team-tourn"]
[EventCountry "IND"]
[SourceTitle "playchess.com"]
[Source "ChessBase"]
[SourceQuality "1"]
[WhiteTeam "Zambia"]
[BlackTeam "Thailand"]
[WhiteTeamCountry "ZAM"]
[BlackTeamCountry "THA"]
[TimeControl "40/5400+30:1800+30"]

1. d4 d5 2. c4 c6 3. Nc3 Nf6 4. Nf3 a6 5. a4 e6 6. e3 c5 7. Bd3 Nc6 8. O-O cxd4 9. exd4 Be7 10. Bg5 O-O 11. Rc1 Qd6 12. c5 Qc7 13. Qb3 Nxd4 14. Nxd4 Ng4 15. Nf3 Bxg5 16. Bxh7+ Kh8 17. Rcd1 Bf4 18. Bb1 Nxh2 19. Nxh2 Bxh2+ 20. Kh1 g6 21. g3 Bxg3 22. fxg3 Qxg3 23. Rd3 Qh4+ 24. Kg2 Qg5+ 25. Rg3 Qe7 26. Qc2 Kg8 27. Rh1 e5 28. Qd2 Qf6 29. Nxd5 1-0